AoeStats
← Moralelastic

Scandinavia

510284996Analyzed
1v1 RM · 9h ago on Sep 30, 2026· 22m 57s· 2 players
Game mode
Random Map
Map size
Tiny (2 player)
Population
200
Speed
Normal
Resources
Standard
Victory
Conquest
Starting age
Dark Age
Ending age
Imperial Age
RankedLock teamsTeams togetherTeam positionsShared explorationLock speedFull tech treeHidden civsTurbo modeCheats
Victory
Defeat
🇩🇪 Danes · Germany
1215
+17
🇦🇷 Varangians · Argentina
1236
-17
Julu
8:44 Loom
12:47 Feudal Age
16:44 Castle Age
14:45 Double-Bit Axe
16:31 Scale Barding Armor
18:35 Forging
21:32 Bloodlines
21:23 Husbandry
Moralelastic
6:37 Loom
9:33 Feudal Age
10:08 Double-Bit Axe
11:19 Bloodlines
13:01 Wheelbarrow
15:51 Fishing Lines
16:38 Forging
18:16 Scale Barding Armor
19:44 Scale Mail Armor
22:33 Castle Age
Connection lost

Rejoining the realm…

Still unreachable

The connection could not be restored.

Session expired

The server has moved on; the page needs a fresh start.